Map: New Repugnancy LE

Players

HeroMarine - Winner!

  • Race: Terran Terran
  • Spawn Location: 1:00

DIMAGA

  • Race: Zerg Zerg
  • Spawn Location: 7:00

Event: 2019 WCS Spring

VOD

Have the link to the VOD?

Description

Time

  • Played on: May 17, 2019, 9:40 a.m.
  • Length: 9:51

All games in this series

Show
View Real Time Build Order
Export as new Build Order

HeroMarine Terran - Winner!

Build Orders: Gas First Reaper Expand, Liberator Opening 

Get SALT Encoding   

  12  0:00  SCV  
  13  0:12  SCV  
  14  0:17  Supply Depot  
  14  0:24  SCV  
  15  0:29  Refinery  
  15  0:39  SCV  
  16  0:44  Barracks  
  16  0:51  SCV  
  17  1:03  SCV  
  18  1:15  SCV  
  19  1:31  Orbital Command, Reaper  
  20  1:42  Command Center  
  20  1:53  Factory  
  20  1:57  SCV  
  21  2:07  Barracks Reactor  
  21  2:09  SCV  
  21  2:14  Supply Depot  
  21  2:15  Refinery  
  22  2:22  SCV  
  23  2:35  SCV  
  24  2:43  Starport  
  24  2:47  SCV  
  24  2:48  Hellion x2  
  29  2:55  Orbital Command  
  29  3:00  SCV  
  29  3:04  Liberator  
  30  3:09  Hellion x2  
  30  3:12  SCV  
  35  3:20  SCV  
  35  3:24  SCV  
  40  3:31  Supply Depot  
  40  3:33  SCV  
  41  3:36  SCV  
  41  3:39  Hellion x2  
  46  3:48  Liberator  
  46  3:49  SCV  
  46  3:52  SCV  
  46  3:53  Supply Depot  
  48  4:00  Hellion  
  48  4:01  Hellion  
  52  4:06  Supply Depot  
  54  4:14  SCV x2  
  56  4:21  Command Center  
  56  4:26  SCV x2  
  56  4:30  Hellion x2  
  62  4:36  Barracks Tech Lab  
  62  4:38  SCV x2  
  62  4:40  Refinery  
  62  4:41  Refinery  
  64  4:47  Supply Depot  
  64  4:50  SCV x2  
  64  4:52  Hellion x2  
  70  5:01  Raven  
  70  5:03  SCV  
  70  5:07  Armory  
  70  5:08  SCV  
  70  5:14  Hellion x2  
  75  5:15  SCV  
  75  5:20  SCV  
  77  5:25  Factory  
  77  5:26  Factory  
  77  5:27  SCV  
  78  5:33  SCV  
  79  5:38  Orbital Command  
  79  5:39  SCV  
  76  5:45  SCV  
  74  5:51  SCV  
  74  5:56  Terran Vehicle And Ship Armor Level 1, Factory  
  75  5:57  SCV, Factory  
  75  6:00  Starport Reactor  
  75  6:01  Hellion  
  75  6:03  SCV  
  79  6:04  Hellion  
  79  6:07  Orbital Command  
  79  6:09  SCV  
  82  6:15  SCV  
  82  6:16  Factory Tech Lab  
  83  6:18  Engineering Bay  
  83  6:19  Supply Depot  
  83  6:21  SCV  
  84  6:27  SCV  
  84  6:31  Cyclone, Mag-Field Accelerator  
  86  6:33  SCV  
  86  6:36  SCV  
  86  6:37  Cyclone  
  86  6:39  SCV  
  92  6:43  Factory Tech Lab  
  92  6:45  Supply Depot  
  92  6:46  SCV  
  93  6:48  SCV  
  93  6:50  Hellion x3  
  93  6:51  SCV, Hellion  
  103  6:58  SCV, Refinery x2  
  105  7:02  Cyclone  
  105  7:07  Cyclone  
  108  7:09  SCV x2, Cyclone  
  108  7:10  Supply Depot  
  108  7:14  SCV  
  112  7:21  SCV x2, Hellion  
  109  7:22  Hellion  
  109  7:23  Hellion  
  102  7:34  Cyclone  
  102  7:36  Hellion  
  107  7:38  Infernal Pre-Igniter  
  107  7:39  Cyclone  
  107  7:41  Cyclone  
  107  7:43  Supply Depot x2, Hellion  
  115  7:54  Hellion x2  
  119  7:58  Hellion  
  119  8:04  SCV x3  
  121  8:06  Cyclone  
  121  8:11  Cyclone  
  124  8:13  Cyclone  
  124  8:16  SCV x3  
  124  8:18  Hellion x2  
  134  8:29  Supply Depot x2  
  134  8:30  Hellion, Factory  
  134  8:31  Factory  
  136  8:35  Hellion  
  136  8:38  Siege Tank  
  136  8:40  Hellion  
  141  8:49  Supply Depot x2  
  141  8:51  Command Center, Siege Tank x2  
  147  8:57  Missile Turret  
  147  8:58  Missile Turret  
  147  8:59  Supply Depot  
  149  9:03  Widow Mine x3  
  149  9:04  Widow Mine  
  151  9:10  Cyclone  
  152  9:17  Factory Tech Lab  
  152  9:18  Factory Tech Lab  
Show
View Real Time Build Order
Export as new Build Order

DIMAGA Zerg 

Build Orders: Hatch First 

Get SALT Encoding   

  12  0:00  Drone  
  13  0:12  Overlord  
  13  0:17  Drone  
  14  0:31  Drone x2  
  16  0:49  Hatchery  
  15  0:52  Drone  
  15  0:55  Drone  
  17  0:58  Drone  
  18  1:08  Extractor  
  17  1:14  Spawning Pool  
  17  1:17  Drone  
  17  1:20  Drone  
  18  1:30  Drone  
  19  1:41  Drone  
  20  1:51  Overlord  
  20  2:01  Queen x2  
  20  2:02  Zergling x4  
  26  2:10  Metabolic Boost  
  26  2:13  Drone x2  
  28  2:32  Hatchery  
  28  2:35  Drone  
  28  2:41  Drone x2  
  30  2:46  Overlord  
  30  2:51  Queen  
  30  2:53  Drone  
  33  3:00  Drone  
  33  3:02  Drone x2  
  36  3:11  Drone x3  
  36  3:12  Drone  
  40  3:16  Overlord  
  40  3:22  Drone x2  
  42  3:28  Queen  
  44  3:34  Overlord  
  44  3:36  Queen  
  46  3:43  Zergling x4  
  46  3:44  Queen  
  46  3:48  Drone  
  51  3:53  Overlord  
  51  3:55  Zergling x6  
  54  3:56  Drone  
  54  4:01  Drone x3  
  58  4:09  Overlord  
  58  4:10  Overlord  
  57  4:18  Queen  
  57  4:19  Queen  
  57  4:24  Queen  
  61  4:25  Drone x2  
  65  4:33  Spore Crawler x2  
  65  4:34  Spore Crawler  
  65  4:38  Drone x2  
  64  4:39  Drone  
  64  4:40  Spore Crawler  
  64  4:46  Drone  
  64  4:47  Drone x3  
  64  4:49  Zergling x2  
  69  4:57  Drone  
  69  4:58  Drone x2  
  65  5:10  Lair  
  65  5:18  Extractor  
  65  5:19  Extractor, Roach Warren  
  65  5:20  Drone x5  
  67  5:26  Overlord  
  65  5:41  Drone x12  
  63  5:57  Overlord, Extractor  
  63  5:59  Roach x5  
  63  6:00  Roach  
  74  6:07  Roach x3  
  74  6:09  Glial Reconstitution  
  80  6:19  Roach x4  
  88  6:26  Overlord, Roach  
  88  6:27  Roach x2  
  94  6:39  Overlord x2  
  94  6:43  Drone x7  
  101  6:51  Drone  
  101  6:53  Extractor  
  101  6:54  Drone x6  
  104  7:01  Extractor  
  106  7:09  Overlord  
  106  7:10  Overlord  
  104  7:22  Roach x10  
  94  7:30  Evolution Chamber, Drone x4  
  94  7:31  Evolution Chamber  
  94  7:32  Infestation Pit  
  95  7:41  Drone  
  95  7:42  Drone  
  95  7:43  Drone  
  95  7:44  Drone x3  
  101  7:57  Hatchery  
  98  8:09  Hive  
  98  8:14  Drone  
  98  8:15  Hydralisk Den  
  98  8:18  Roach x8  
  111  8:31  Roach x6  
  123  8:45  Overlord x6  
  123  9:02  Overlord  
  123  9:06  Drone x13  
  132  9:15  Roach  
  132  9:16  Roach x4  
  134  9:26  Roach x2  
Tags
 
Add a new tag
Caveats
  • Supply blocks, unpowered buildings, or Contaminate may cause inaccurate times.
  • Supply counts are checked every 10 seconds.